 Dungeon Crawl Stone Soup version 0.17-b1-15-g0f5fb43 (webtiles) character file.

90380 Eucla the Champion of Chaos (level 15, -5/129 HPs)
             Began as a Demonspawn Gladiator on Nov 8, 2015.
             Was the Champion of Makhleb.
             Slain by a black mamba (13 damage)
             ... on level 1 of the Snake Pit.
             The game lasted 00:58:55 (24019 turns).

Eucla the Champion of Chaos (Demonspawn Gladiator) Turns: 24019, Time: 00:58:55

Health: -5/129     AC: 16    Str: 20      XL:     15   Next: 52%
Magic:  26/33      EV: 15    Int: 16 (19) God:    Makhleb [******]
Gold:   2416       SH:  0    Dex: 20      Spells: 0 memorised, 14 levels left

rFire  x . .     SeeInvis +     o - +6 Majin-Bo {vamp, Archmagi MP+6 Int+6}
rCold  . . .     Clarity  .     Y - +0 chain mail of the Great Game {rN+ Str+2}
rNeg   + . .     SustAt   .     (shield currently unavailable)
rPois  .         Gourm    .     (helmet unavailable)
rElec  +         Spirit   .     U - +2 cloak {MR+}
rCorr  .         Warding  .     (no gloves)
rMut   .         Stasis   .     (no boots)
MR     ++...                    (no amulet)
Stlth  ..........               y - ring of wizardry
                                m - ring "Kyarri" {rF- Int+3 Dex+3 SInv}

@: lethally poisoned (-5 -> -26), about to teleport, very slightly contaminated,
very resistant to hostile enchantments, extremely unstealthy
A: horns 3, demonic guardian 2, powered by death 2, electricity resistance
a: Minor Destruction, Lesser Servant of Makhleb, Major Destruction, Greater
Servant of Makhleb, Renounce Religion


You were on level 1 of the Snake Pit.
You worshipped Makhleb.
Makhleb was exalted by your worship.
You were not hungry.

You visited 4 branches of the dungeon, and saw 28 of its levels.
You also visited: Labyrinth and Bailey.

You collected 2752 gold pieces.
You spent 336 gold pieces at shops.

Inventory:

Hand Weapons
 o - the +6 Majin-Bo (weapon) {vamp, Archmagi MP+6 Int+6}
   (You acquired it in a bailey)

   It inflicts no extra harm, but heals its wielder somewhat when it strikes a
   living foe.
   It affects your intelligence (+6).
   It affects your magic capacity (+6).
Armour
 i - the +3 salamander hide armour {+Rage rF++}
   (You found it in a labyrinth)

   It greatly protects you from fire.
   It lets you go berserk.
 N - a +1 hat
 U - a +2 cloak of magic resistance (worn)
 Y - the +0 chain mail of the Great Game (worn) {rN+ Str+2}
   (You found it on level 8 of the Dungeon)

   It affects your strength (+2).
   It protects you from negative energy.
Jewellery
 a - an uncursed ring of loudness
 j - an uncursed ring of fire
 m - the ring "Kyarri" (left hand) {rF- Int+3 Dex+3 SInv}
   (You found it in a labyrinth)

   [ring of see invisible]

   It affects your intelligence (+3).
   It affects your dexterity (+3).
   It makes you vulnerable to fire.
   It lets you see invisible.
 y - a ring of wizardry (right hand)
 J - an uncursed ring of stealth
 T - a +2 ring of protection
 W - an uncursed ring of protection from cold
Wands
 b - a wand of digging (15)
 c - a wand of digging (11)
 n - a wand of teleportation (5)
 p - a wand of enslavement (7)
 S - a wand of disintegration (18)
Scrolls
 f - 6 scrolls of fog
 g - 4 scrolls of identify
 k - 2 scrolls of magic mapping
 l - 7 scrolls of remove curse
 v - 4 scrolls of enchant weapon
 G - 3 scrolls of recharging
Potions
 d - a potion of flight
 r - a potion of resistance
 w - 7 potions of curing
 z - 3 potions of magic
 A - a potion of berserk rage
 E - 4 potions of agility
 H - 2 potions of cure mutation
 I - a potion of cancellation
 K - 4 potions of haste
 O - 3 potions of might
Books
 V - a book of Minor Magic

   Spells                             Type                      Level
   a - Magic Dart                     Conjuration                  1
   b - Blink                          Translocation                2
   c - Call Imp                       Summoning                    2
   d - Repel Missiles                 Charms/Air                   2
   e - Slow                           Hexes                        2
   f - Conjure Flame                  Conjuration/Fire             3
   g - Mephitic Cloud                 Conjuration/Poison/Air       3
 X - a book of Maledictions

   Spells                             Type                      Level
   a - Corona                         Hexes                        1
   b - Ensorcelled Hibernation        Hexes/Ice                    2
   c - Confuse                        Hexes                        3
   d - Tukima's Dance                 Hexes                        3
   e - Dazzling Spray                 Conjuration/Hexes            3
Comestibles
 e - 10 bread rations
 q - 12 meat rations
 s - 4 fruits
 t - a royal jelly


   Skills:
 - Level 15.0 Fighting
 * Level 12.6 Staves
 - Level 1.7 Throwing
 - Level 12.9 Armour
 + Level 10.7 Dodging
 + Level 17.4 Invocations


You had 14 spell levels left.
You didn't know any spells.

Dungeon Overview and Level Annotations

Branches:
Dungeon (15/15)            Temple (0/1) D:7            Lair (8/8) D:11
  Swamp (0/4) Lair:6        Snake (1/4) Lair:3        Slime (0/6) Lair:8
    Orc (4/4) D:11            Elf (0/3) Orc:3        Vaults (0/5) D:14
 Depths (0/5) D:15

Altars:
Cheibriados
Elyvilon
Fedhas
Gozag
Makhleb
Ru
Sif Muna
Trog
Vehumet
Xom
Yredelemnul
The Shining One
Beogh
Jiyva

Shops:
D:5 }   D:9 !   Orc:4 %[(:

Annotations:
D:11 1 exclusion
Snake:1 Agnes, Aizul


Innate Abilities, Weirdness & Mutations

You have a pair of large horns on your head.
A demonic guardian rushes to your aid.
You regenerate health from kills.
You are resistant to electric shocks.


Message History

The bolt of poison hits your ice devil.
The bolt of poison misses the black mamba.
The bolt of poison hits you!
You are more poisoned.
* * * LOW HITPOINT WARNING * * *
Agnes says, "The ORB is mine by right."
Your ice devil completely misses Aizul.
The shock serpent barely misses you.
Unknown command.
Drink which item? (? for menu, Esc to quit)
You feel much better.
You feel very sick.
You are more poisoned.
The black mamba misses you. x2
Aizul casts a spell at you. The bolt of poison hits your ice devil.
The bolt of poison hits the black mamba.
The bolt of poison hits you!
You are more poisoned.
* * * LOW HITPOINT WARNING * * *
The black mamba closely misses you. The black mamba bites you!
You die...

.. . ... . ...
.######
#.#.#.#.#S##
.......NS@#
#.#.#.#.#.#S##
.........N3S.#
.#.#.#<#S#i#.#.
........NN......
#.#.#.#.#.#.#...
#?N..S... ...
#.......... ...
#............


You could see Aizul, Agnes, 2 naga ritualists, a shock serpent, 3 black mambas,
2 naga magi, a naga and a friendly ice devil.

Vanquished Creatures
  Gastronok (Lair:2)
  An ettin (D:14)
  A vault guard (D:14)
  A minotaur (Lab)
  Josephine (Lair:4)
  Fannar (Lair:2)
  Harold (Lair:2)
  4 hydras
  An ice dragon (D:15)
  4 centaur warriors
  A tengu warrior (D:15)
  An ogre mage (D:15)
  An orc high priest (Orc:4)
  A death yak (Lair:8)
  5 skeletal warriors (D:14)
  An unseen horror (D:11)
  Pikel (D:7)
  A mana viper (Snake:1)
  4 hill giants
  6 orc sorcerers (Orc:4)
  2 ugly things
  An orc knight (Orc:4)
  A wolf spider zombie (D:13)
  A cyclops (D:14)
  A hornet (Lair:8)
  A wolf spider (Lair:8)
  A manticore (D:15)
  2 griffons
  An elephant (Lair:8)
  3 black mambas
  A guardian serpent (Lair:8)
  A guardian serpent (shapeshifter) (D:14)
  A torpor snail (Lair:4)
  A gargoyle (D:11)
  2 kobold demonologists (D:12)
  14 spiny frogs
  3 komodo dragons
  2 fire drakes (Lair:6)
  6 trolls
  A tengu conjurer (D:15)
  Grinder (D:3)
  Prince Ribbit (D:8)
  4 two-headed ogres
  8 blink frogs
  5 slime creatures
  2 trapdoor spiders
  5 wraiths
  A redback (Lair:8)
  23 yaks
  3 hungry ghosts
  3 fire elementals
  3 basilisks
  5 wyverns
  A deep elf fighter (D:11)
  2 steam dragons (D:8)
  16 wolves
  A mottled dragon (D:13)
  5 hippogriffs
  8 porcupines
  6 wargs
  20 water moccasins
  2 ice beasts
  22 orc warriors
  2 hell hounds (D:15)
  A swamp drake (Lair:7)
  2 spiders (Lair:8)
  2 eyes of draining
  2 slaves (D:7)
  3 sky beasts
  2 black bears
  6 necrophages
  15 ogres
  2 wasps
  14 crocodiles
  14 centaurs
  14 giant frogs
  A brain worm (D:14)
  2 big kobolds
  2 wyvern zombies
  5 killer bees
  6 wights
  2 scorpions
  A wyvern simulacrum (D:14)
  4 crimson imps
  6 hounds
  3 centaur zombies
  23 orc priests
  2 quasits
  Crazy Yiuf (D:2)
  9 iguanas
  3 jellies
  3 polar bear simulacra (Lair:7)
  Terence (D:2)
  38 orc wizards
  5 hell rats (Lair:8)
  3 wolf simulacra (Lair:7)
  16 worker ants
  20 sheep
  3 yak simulacra (Lair:7)
  A hound zombie (D:5)
  A hound skeleton (D:9)
  A mummy (D:9)
  Robin (D:3)
  6 gnolls
  56 river rats
  2 shadow imps
  17 adders
  An ooze (D:1)
  An adder skeleton (D:4)
  An adder zombie (D:9)
  A worm (D:3)
  4 giant geckos
  124 orcs
  5 giant cockroaches
  19 goblins
  17 hobgoblins
  7 jackals
  3 quokkas
  A ball python (D:1)
  21 bats
  A giant gecko skeleton (D:4)
  5 giant newts
  25 kobolds
  A quokka zombie (D:7)
  12 rats
  2 river rat simulacra (Lair:7)
  A fungus (D:11)
  A plant (Lair:8)
807 creatures vanquished.

Vanquished Creatures (collateral kills)
  Maud (Lair:4)
  Nessos (D:13)
  Azrael (D:15)
  A salamander stormcaller (D:14)
  3 vault guards (D:14)
  The ghost of DunwichHorror the Impaler, a journeyman MfGl of Ashenzari (D:13)
  An ice dragon (D:15)
  6 hydras
  A centaur warrior (D:14)
  An ogre mage (D:15)
  7 death yaks
  A deep troll earth mage (D:14)
  An unseen horror (D:14)
  2 hill giants
  A necromancer (Lair:7)
  A wizard (D:14)
  3 ugly things
  A cyclops (D:13)
  A manticore (D:14)
  A hornet (Lair:8)
  A cyclops (shapeshifter) (D:13)
  13 elephants
  Maurice (D:8)
  2 gargoyles
  Psyche (D:8)
  5 black mambas
  A komodo dragon (D:12)
  3 spiny frogs
  2 trolls
  2 polar bears
  A harpy skeleton (D:15)
  9 blink frogs
  A two-headed ogre (D:15)
  5 slime creatures
  A trapdoor spider (D:14)
  A shadow (D:12)
  2 deep elf magi
  2 fire elementals (D:15)
  12 yaks
  A basilisk (Lair:8)
  Grum (D:8)
  9 wolves
  A vampire mosquito (D:14)
  5 water moccasins (Lair:8)
  A porcupine (Lair:7)
  A swamp worm (Lair:7)
  2 mottled dragons
  A slave (D:7)
  A spider (Lair:8)
  2 hell hounds (D:15)
  4 orc warriors (Bailey)
  A swamp drake (Lair:7)
  2 wasps
  7 ogres
  A sky beast (D:6)
  5 centaurs
  3 crocodiles
  2 big kobolds
  2 giant frogs
  2 killer bees (D:11)
  3 wights
  A giant frog zombie (D:8)
  2 centaur zombies
  An iguana (Lair:4)
  2 worker ants (Lair:8)
  9 river rats
  An adder (Lair:8)
  A gnoll (D:2)
  16 orcs
  A giant cockroach (D:5)
  2 kobolds (D:12)
  5 fungi
  4 plants
203 creatures vanquished.

Vanquished Creatures (others)
  A giant frog (D:15)
  An orc priest (Orc:4)
  2 orc wizards (Orc:4)
  A jackal skeleton (D:7)
  12 fungi
  12 plants
29 creatures vanquished.

Grand Total: 1039 creatures vanquished

Notes
Turn   | Place    | Note
--------------------------------------------------------------
     0 | D:1      | Eucla the Demonspawn Gladiator began the quest for the Orb.
     0 | D:1      | Reached XP level 1. HP: 16/16 MP: 1/1
   293 | D:1      | Gained mutation: A weak demonic guardian rushes to your aid. [demonic ancestry]
   293 | D:1      | Reached XP level 2. HP: 12/23 MP: 2/2
   408 | D:1      | Reached skill level 3 in Staves
   674 | D:1      | Reached XP level 3. HP: 19/28 MP: 3/3
   748 | D:2      | Reached skill level 1 in Armour
   772 | D:2      | Noticed Terence
   787 | D:2      | Killed Terence
   791 | D:2      | Reached XP level 4. HP: 15/34 MP: 4/4
   967 | D:2      | Found a snail-covered altar of Cheibriados.
  1284 | D:2      | Noticed Crazy Yiuf
  1289 | D:2      | Killed Crazy Yiuf
  1289 | D:2      | Gained mutation: You have a pair of small horns on your head. [demonic ancestry]
  1289 | D:2      | Reached XP level 5. HP: 25/41 MP: 0/5
  1384 | D:3      | Noticed Robin
  1620 | D:3      | Killed Robin
  1658 | D:3      | Noticed Grinder
  1669 | D:3      | HP: 2/41 [Grinder (4)]
  1670 | D:3      | Killed Grinder
  1670 | D:3      | Reached skill level 4 in Dodging
  1670 | D:3      | Gained mutation: You regenerate a little health from kills. [demonic ancestry]
  1670 | D:3      | Reached XP level 6. HP: 2/48 MP: 6/6
  2449 | D:3      | Found a glowing golden altar of the Shining One.
  2520 | D:3      | Found a basalt altar of Yredelemnul.
  2626 | D:3      | Noticed an angel
  2652 | D:4      | Found a blossoming altar of Fedhas.
  2730 | D:4      | Reached XP level 7. HP: 54/54 MP: 7/7
  2765 | D:4      | Found a bloodstained altar of Trog.
  3197 | D:4      | Reached skill level 5 in Dodging
  3403 | D:5      | Entered Level 5 of the Dungeon
  3425 | D:5      | Reached skill level 5 in Staves
  3465 | D:5      | Found Xoed's Gadget Shop.
  3569 | D:5      | Reached XP level 8. HP: 41/61 MP: 8/8
  3570 | D:5      | Reached skill level 5 in Fighting
  3586 | D:5      | Found a white marble altar of Elyvilon.
  4531 | D:6      | Found an opulent altar of Gozag.
  4586 | D:6      | Got a shimmering mace
  4587 | D:6      | Identified the +2 mace "Vefoanes" {venom, rPois Dex+3} (You found it on level 6 of the Dungeon)
  4621 | D:6      | Found a burning altar of Makhleb.
  4622 | D:6      | Found a radiant altar of Vehumet.
  4634 | D:6      | Became a worshipper of Makhleb the Destroyer
  4693 | D:6      | Reached skill level 6 in Fighting
  4693 | D:6      | Reached skill level 1 in Invocations
  4957 | D:7      | Gained mutation: A demonic guardian rushes to your aid. [demonic ancestry]
  4957 | D:7      | Reached XP level 9. HP: 69/69 MP: 10/10
  5030 | D:7      | Reached skill level 5 in Armour
  5145 | D:7      | Reached * piety under Makhleb
  5155 | D:7      | Found a staircase to the Ecumenical Temple.
  5158 | D:7      | Noticed Pikel
  5179 | D:7      | Killed Pikel
  5661 | D:8      | Noticed Maurice
  5669 | D:8      | Killed Maurice
  5669 | D:8      | Reached skill level 7 in Fighting
  5713 | D:8      | Noticed Grum
  5717 | D:8      | Killed Grum
  5717 | D:8      | Gained mutation: You regenerate health from kills. [demonic ancestry]
  5717 | D:8      | Reached XP level 10. HP: 77/79 MP: 13/13
  5719 | D:8      | Reached ** piety under Makhleb
  5724 | D:8      | Reached skill level 5 in Invocations
  5983 | D:8      | Got an ichor-stained chain mail
  5996 | D:8      | Identified the cursed +0 chain mail of the Great Game {rN+ Str+2} (You found it on level 8 of the Dungeon)
  6279 | D:8      | Found a deep blue altar of Sif Muna.
  6279 | D:8      | Found a shimmering altar of Xom.
  6308 | D:8      | Noticed Prince Ribbit
  6327 | D:8      | Killed Prince Ribbit
  6547 | D:8      | Noticed Psyche
  6556 | D:8      | Killed Psyche
  6854 | D:9      | Found Oraener's Distillery.
  6881 | D:9      | Bought a potion of curing for 42 gold pieces
  6881 | D:9      | Bought a potion of resistance for 140 gold pieces
  6881 | D:9      | Bought a potion of lignification for 42 gold pieces
  6881 | D:9      | Bought a potion of brilliance for 56 gold pieces
  6881 | D:9      | Bought a potion of agility for 56 gold pieces
  7270 | D:10     | Entered Level 10 of the Dungeon
  7275 | D:10     | Reached *** piety under Makhleb
  7326 | D:10     | Found a flagged portal.
  7337 | Bailey   | Entered a bailey
  7803 | Bailey   | Reached skill level 8 in Fighting
  8043 | Bailey   | Identified a scroll of acquirement
  8302 | D:10     | Noticed a hill giant
  8311 | D:10     | Reached **** piety under Makhleb
  8311 | D:10     | Killed a hill giant
  8311 | D:10     | Gained mutation: You have a pair of horns on your head. [demonic ancestry]
  8311 | D:10     | Reached XP level 11. HP: 86/86 MP: 16/16
  9166 | D:11     | Reached ***** piety under Makhleb
  9194 | D:11     | Reached skill level 9 in Fighting
  9232 | D:11     | Reached skill level 10 in Fighting
  9240 | D:11     | Noticed a hill giant
  9241 | D:11     | Found a staircase to the Orcish Mines.
  9249 | D:11     | Killed a hill giant
  9295 | D:11     | Reached skill level 11 in Fighting
  9316 | D:11     | Killed an unseen horror
  9570 | D:11     | Found a staircase to the Lair.
  9798 | D:11     | Reached skill level 12 in Fighting
  9816 | Lair:1   | Entered Level 1 of the Lair of Beasts
 10095 | Lair:1   | Noticed a six-headed hydra
 10106 | Lair:1   | Killed a six-headed hydra
 10106 | Lair:1   | Reached skill level 13 in Fighting
 10184 | Lair:1   | Reached skill level 14 in Fighting
 10696 | Lair:3   | Reached XP level 12. HP: 108/108 MP: 17/17
 10803 | Lair:4   | Found a labyrinth entrance.
 10815 | Lab      | Entered a labyrinth
 11079 | Lab      | Noticed a minotaur
 11106 | Lab      | Killed a minotaur
 11126 | Lab      | Got a glittering glass ring
 11192 | Lair:5   | Reached skill level 15 in Fighting
 11410 | Lair:5   | Noticed a seven-headed hydra
 11436 | Lair:5   | Killed a seven-headed hydra
 11658 | Lair:8   | Entered Level 8 of the Lair of Beasts
 11660 | Lair:8   | Noticed a seven-headed hydra
 11792 | Lair:3   | Reached ****** piety under Makhleb
 11967 | Lair:3   | Reached skill level 10 in Invocations
 12198 | Lair:3   | Found a staircase to the Snake Pit.
 12379 | Lair:3   | HP: 5/109 [poisoned by a spiny frog]
 12384 | Lair:3   | HP: 3/109 [poisoned by a spiny frog]
 12390 | Lair:3   | HP: 2/109 [poisoned by a spiny frog]
 12398 | Lair:3   | HP: 2/109 [poisoned by a spiny frog]
 12406 | Lair:3   | HP: 3/109 [poisoned by a spiny frog]
 13210 | Lair:2   | Noticed Fannar
 13236 | Lair:2   | Killed Fannar
 13514 | Lair:2   | Noticed Harold
 13582 | Lair:2   | Killed Harold
 13635 | Lair:2   | Noticed Gastronok
 13660 | Lair:2   | Killed Gastronok
 14213 | Lair:1   | Identified the ring "Kyarri" {rF- Int+3 Dex+3 SInv} (You found it in a labyrinth)
 14337 | Lair:4   | Reached XP level 13. HP: 94/115 MP: 23/23
 14474 | Lair:4   | Noticed Josephine
 14495 | Lair:4   | Killed Josephine
 14555 | Lair:4   | Noticed Maud
 14570 | Lair:4   | Killed Maud
 14614 | Lair:4   | Got an ichor-stained ring mail
 14625 | Lair:4   | Identified the +1 ring mail "Furhun" {rElec rF++ Dex-4 SInv} (You found it on level 4 of the Lair of Beasts)
 14683 | Lair:4   | Reached skill level 15 in Invocations
 15359 | Lair:5   | Reached skill level 10 in Armour
 15689 | Lair:6   | Found a staircase to the Swamp.
 15775 | Lair:6   | Got a scorched buckler
 16507 | Lair:7   | Noticed a seven-headed hydra
 16509 | Lair:7   | Noticed a seven-headed hydra
 16785 | Lair:7   | Noticed a five-headed hydra
 16785 | Lair:7   | Noticed an eight-headed hydra
 16795 | Lair:7   | Killed a five-headed hydra
 16795 | Lair:7   | Killed an eight-headed hydra
 17058 | Lair:7   | Killed a seven-headed hydra
 17461 | Lair:8   | Killed a seven-headed hydra
 17646 | Lair:8   | Found a staircase to the Slime Pits.
 17647 | Lair:8   | Found a viscous altar of Jiyva.
 17666 | Lair:8   | Reached XP level 14. HP: 123/123 MP: 25/25
 17726 | Lair:8   | Paralysed by a wasp for 3 turns
 19362 | D:12     | Reached skill level 10 in Staves
 19484 | D:12     | Reached skill level 16 in Invocations
 19524 | D:12     | Found a sacrificial altar of Ru.
 19901 | D:13     | Noticed Nessos
 19918 | D:13     | Killed Nessos
 19942 | D:13     | Gained mutation: You have a pair of large horns on your head. [potion of beneficial mutation]
 19943 | D:13     | Gained mutation: You are resistant to electric shocks. [potion of beneficial mutation]
 20001 | D:13     | Noticed DunwichHorror's ghost (journeyman MfGl)
 20060 | D:13     | Killed DunwichHorror's ghost
 20644 | D:14     | Found a gate to the Vaults.
 20803 | D:14     | Reached skill level 10 in Dodging
 20961 | D:14     | Reached XP level 15. HP: 129/129 MP: 27/27
 21204 | D:15     | Entered Level 15 of the Dungeon
 21259 | D:15     | Noticed Azrael
 21277 | D:15     | Killed Azrael
 21614 | D:15     | Reached skill level 17 in Invocations
 21621 | D:15     | Found a staircase to the Depths.
 22136 | Orc:1    | Entered Level 1 of the Orcish Mines
 22723 | Orc:3    | Found a roughly hewn altar of Beogh.
 22797 | Orc:3    | Found a staircase to the Elven Halls.
 23197 | Orc:4    | Entered Level 4 of the Orcish Mines
 23251 | Orc:4    | Found Maimpuarch's Book Boutique.
 23603 | Orc:4    | Found Onuilec's Antique Weapon Emporium.
 23603 | Orc:4    | Found Iggosya's Armour Emporium.
 23604 | Orc:4    | Found Gycsorai's Magic Scroll Shoppe.
 23615 | Orc:4    | Found Ruor Bemp's Food Shoppe.
 24000 | Snake:1  | Entered Level 1 of the Snake Pit
 24001 | Snake:1  | Noticed Agnes
 24013 | Snake:1  | Noticed Aizul
 24019 | Snake:1  | Slain by a black mamba

Action                   |  1- 3 |  4- 6 |  7- 9 | 10-12 | 13-15 || total
-------------------------+-------+-------+-------+-------+-------++-------
Melee: Quarterstaff      |    81 |   156 |   132 |   635 |  1474 ||  2478
       Mace              |       |       |   171 |   263 |       ||   434
Invok: Lesser Servant of |       |       |       |     4 |     1 ||     5
       Greater Servant o |       |       |       |       |    15 ||    15
  Use: Potion            |       |     2 |       |     5 |    12 ||    19
       Scroll            |       |       |       |    23 |    13 ||    36
 Stab: Paralysed         |       |       |     1 |       |       ||     1
       Distracted        |       |       |     1 |     1 |     8 ||    10
       Sleeping          |       |       |     1 |       |       ||     1
  Eat: Chunk             |       |     3 |    14 |     5 |     7 ||    29
       Fruit             |       |     4 |     7 |    15 |     3 ||    29
       Meat ration       |       |       |     1 |     1 |       ||     2
       Beef jerky        |       |       |       |     5 |     8 ||    13
       Royal jelly       |       |       |       |     2 |     2 ||     4
       Bread ration      |       |       |       |     1 |       ||     1
       Pizza             |       |       |       |       |     4 ||     4
